SNL (28 & UNDER)
WEST PALM REDS @ WICHITA WRANGLERS
07/26/2023
 
TOP OF THE 1ST
West Palm Reds batting - Pitching for Wichita Wranglers : LHP Austin Huntington
Pitching: LHP Austin Huntington
Batting: LHB Jeff McKinney 0-0: Ball
1-0: Fly out, F7 (Flyball, 7LM)
Batting: RHB Juan Vareas 0-0: Foul Ball, location: 2F
0-1: Called Strike
0-2: Ball
1-2: Foul Ball, location: 2F
1-2: SINGLE (Groundball, 56D) (infield hit)
Batting: SHB Todd Smith 0-0: Called Strike
0-1: Ball
1-1: Swinging Strike
1-2: DOUBLE (Flyball, 8RXD)
Juan Vareas to third
Batting: SHB Francis Shaffer 0-0: Foul Ball, location: 2F
0-1: Ball
1-1: Ball
2-1: Called Strike
2-2: Strikes out looking
Batting: LHB Enrique Cortéz 0-0: Fly out, F4 (Popup, 3DF)
Top of the 1st over - 0 run(s), 2 hit(s), 0 error(s), 2 left on base; West Palm 0 - Wichita 0
BOTTOM OF THE 1ST
Wichita Wranglers batting - Pitching for West Palm Reds : LHP Pat Candelária
Pitching: LHP Pat Candelária
Batting: SHB Martín Medina 0-0: Bunt missed!
0-1: Ball
1-1: Ball
2-1: Fly out, F8 (Line Drive, 8RXD)
Batting: RHB António Gonzáles 0-0: Called Strike
0-1: Ground out 5-3 (Groundball, 5S)
Batting: RHB Bob Hall 0-0: Ball
1-0: Fly out, F4 (Line Drive, 4)
Bottom of the 1st over - 0 run(s), 0 hit(s), 0 error(s), 0 left on base; West Palm 0 - Wichita 0
TOP OF THE 2ND
West Palm Reds batting - Pitching for Wichita Wranglers : LHP Austin Huntington
Batting: LHB Jeff Doss 0-0: Called Strike
0-1: Foul Ball, location: 2F
0-2: Ball
1-2: Strikes out looking
Batting: RHB Félix García 0-0: Ball
1-0: Ground out 6-3 (Groundball, 6)
Batting: LHB Bill Smith 0-0: Called Strike
0-1: Swinging Strike
0-2: Strikes out swinging
Top of the 2nd over - 0 run(s), 0 hit(s), 0 error(s), 0 left on base; West Palm 0 - Wichita 0
BOTTOM OF THE 2ND
Wichita Wranglers batting - Pitching for West Palm Reds : LHP Pat Candelária
Batting: RHB Cho-yun Qiao 0-0: Ball
1-0: Ball
2-0: Called Strike
2-1: Foul Ball, location: 2F
2-2: Ground out 4-3 (Groundball, 4)
Batting: RHB Gustavo Díaz 0-0: Swinging Strike
0-1: Ball
1-1: Ball
2-1: Foul Ball, location: 2F
2-2: Ball
3-2: SINGLE (Line Drive, 9LM)
Batting: RHB George Clark 0-0: Called Strike
0-1: Fly out, F9 (Flyball, 9LDF)
Batting: RHB Felipe Lópes 0-0: Called Strike
0-1: SINGLE (Line Drive, 6D)
Gustavo Díaz to second
Batting: RHB Andrés Lara 0-0: Ball
1-0: DOUBLE (Line Drive, 7LD)
Gustavo Díaz scores
Felipe Lópes to third
Runner from 3rd tries for Home, throw and OUT!
Bottom of the 2nd over - 1 run(s), 3 hit(s), 0 error(s), 1 left on base; West Palm 0 - Wichita 1
TOP OF THE 3RD
West Palm Reds batting - Pitching for Wichita Wranglers : LHP Austin Huntington
Batting: RHB Alejandro Martínez 0-0: Called Strike
0-1: Ball
1-1: Ground out 5-3 (Groundball, 5)
Batting: LHB Jeff McKinney 0-0: Ball
1-0: Foul Ball, location: 2F
1-1: Fly out, F8 (Flyball, 8RM)
Batting: RHB Juan Vareas 0-0: Called Strike
0-1: Swinging Strike
0-2: Ball
1-2: Ball
2-2: Fly out, F9 (Flyball, 9LM)
Top of the 3rd over - 0 run(s), 0 hit(s), 0 error(s), 0 left on base; West Palm 0 - Wichita 1
BOTTOM OF THE 3RD
Wichita Wranglers batting - Pitching for West Palm Reds : LHP Pat Candelária
Batting: RHB Dave Henderson 0-0: Ground out 4-3 (Groundball, 4)
Batting: SHB Martín Medina 0-0: Ground out 1-3 (Groundball, 13)
Batting: RHB António Gonzáles 0-0: Ball
1-0: Ball
2-0: Swinging Strike
2-1: Ball
3-1: Base on Balls
Batting: RHB Bob Hall 0-0: Ball
1-0: Ball
2-0: Foul Ball, location: 2F
2-1: Swinging Strike
2-2: Strikes out looking
Bottom of the 3rd over - 0 run(s), 0 hit(s), 0 error(s), 1 left on base; West Palm 0 - Wichita 1
TOP OF THE 4TH
West Palm Reds batting - Pitching for Wichita Wranglers : LHP Austin Huntington
Batting: SHB Todd Smith 0-0: Called Strike
0-1: Ball
1-1: Called Strike
1-2: Ball
2-2: Foul Ball, location: 2F
2-2: Ball
3-2: Base on Balls
Batting: SHB Francis Shaffer 0-0: Hit by Pitch
Todd Smith to second
Batting: LHB Enrique Cortéz 0-0: Ball
1-0: Ball
2-0: Ball
3-0: Called Strike
3-1: Swinging Strike
3-2: Foul Ball, location: 2F
3-2: Foul Ball, location: 2F
3-2: Foul Ball, location: 2F
3-2: Foul Ball, location: 2F
3-2: Foul Ball, location: 2F
3-2: Base on Balls
Todd Smith to third
Francis Shaffer to second
Batting: LHB Jeff Doss 0-0: Called Strike
0-1: Ball
1-1: Foul Ball, location: 2F
1-2: Ball
2-2: SINGLE (Groundball, 4)
Todd Smith scores
Francis Shaffer to third
Enrique Cortéz to second
Batting: RHB Félix García 0-0: Called Strike
0-1: Ball
1-1: Ball
2-1: SINGLE (Groundball, 6MD)
Francis Shaffer scores
Enrique Cortéz to third
Jeff Doss to second
Runner from 3rd tries for Home, SAFE, no throw or cutoff
Batting: LHB Bill Smith 0-0: Ball
1-0: Ball
2-0: Ball
Wild Pitch!
Jeff Doss to third
Félix García to second
3-0: Called Strike
3-1: Foul Ball, location: 2F
3-2: Foul Ball, location: 2F
3-2: Foul Ball, location: 2F
3-2: Base on Balls
Batting: RHB Alejandro Martínez 0-0: Called Strike
0-1: Ball
1-1: Fly out, F9 (Flyball, 8RM)
Runner from 3rd tags up, SCORES, no throw
Batting: LHB Jeff McKinney 0-0: Called Strike
0-1: SINGLE (Line Drive, 6M)
Félix García to third
Bill Smith to second
Runner from 3rd tries for Home, SAFE, throw made at trailing runner, SAFE at third!
Batting: RHB Juan Vareas 0-0: Swinging Strike
0-1: SINGLE (Groundball, 4MD)
Bill Smith scores
Jeff McKinney to second
Batting: SHB Todd Smith 0-0: Called Strike
0-1: Foul Ball, location: 2F
0-2: Grounds into double play, 5-4-3 (Groundball, 5)
Top of the 4th over - 6 run(s), 4 hit(s), 0 error(s), 1 left on base; West Palm 6 - Wichita 1
BOTTOM OF THE 4TH
Wichita Wranglers batting - Pitching for West Palm Reds : LHP Pat Candelária
Batting: RHB Cho-yun Qiao 0-0: Ball
1-0: Fly out, F8 (Flyball, 8RM)
Batting: RHB Gustavo Díaz 0-0: Ball
1-0: Called Strike
1-1: Foul Ball, location: 2F
1-2: Ball
2-2: Foul Ball, location: 2F
2-2: Strikes out looking
Batting: RHB George Clark 0-0: Ground out 1-3 (Groundball, 25)
Bottom of the 4th over - 0 run(s), 0 hit(s), 0 error(s), 0 left on base; West Palm 6 - Wichita 1
TOP OF THE 5TH
West Palm Reds batting - Pitching for Wichita Wranglers : LHP Austin Huntington
Batting: SHB Francis Shaffer 0-0: Ball
1-0: Called Strike
1-1: Ball
2-1: Ground out 6-3 (Groundball, 6)
Batting: LHB Enrique Cortéz 0-0: Called Strike
0-1: Fly out, F7 (Flyball, 7S)
Batting: LHB Jeff Doss 0-0: Ball
1-0: Ball
2-0: Ball
3-0: Base on Balls
Batting: RHB Félix García 0-0: Called Strike
0-1: Fielders Choice at 2nd, U6 (Groundball, 6M)
Top of the 5th over - 0 run(s), 0 hit(s), 0 error(s), 1 left on base; West Palm 6 - Wichita 1
BOTTOM OF THE 5TH
Wichita Wranglers batting - Pitching for West Palm Reds : LHP Pat Candelária
Batting: RHB Felipe Lópes 0-0: Called Strike
0-1: SINGLE (Line Drive, 6M)
Batting: RHB Andrés Lara 0-0: 2-RUN HOME RUN (Flyball, 7D), Distance : 361 ft
Batting: RHB Dave Henderson 0-0: Ball
1-0: Swinging Strike
1-1: SOLO HOME RUN (Flyball, 7LD), Distance : 355 ft
Batting: SHB Martín Medina 0-0: Ball
1-0: Ball
2-0: Called Strike
2-1: Foul Ball, location: 2F
2-2: Ball
3-2: Foul Ball, location: 2F
3-2: Strikes out looking
Batting: RHB António Gonzáles 0-0: Called Strike
0-1: Ball
1-1: Fly out, F7 (Line Drive, 7S)
Batting: RHB Bob Hall 0-0: Ball
1-0: Ball
2-0: Ball
3-0: Base on Balls
Batting: RHB Cho-yun Qiao 0-0: Swinging Strike
0-1: Called Strike
0-2: Strikes out looking
Bottom of the 5th over - 3 run(s), 3 hit(s), 0 error(s), 1 left on base; West Palm 6 - Wichita 4
TOP OF THE 6TH
West Palm Reds batting - Pitching for Wichita Wranglers : LHP Austin Huntington
Pitching: RHP Doug Adams
Batting: LHB Bill Smith 0-0: Ball
1-0: Ball
2-0: Ball
3-0: Called Strike
3-1: Swinging Strike
3-2: Fly out, F7 (Flyball, 7M)
Batting: RHB Alejandro Martínez 0-0: Foul Ball, location: 2F
0-1: Ball
1-1: Foul Ball, location: 2F
1-2: Ball
2-2: SINGLE (Line Drive, 34D)
Batting: LHB Jeff McKinney 0-0: Foul Ball, location: 2F
0-1: Ball
1-1: SINGLE (Line Drive, 9LS)
Alejandro Martínez to second
Batting: RHB Juan Vareas 0-0: Fly out, F6 (Popup, 6M)
Batting: SHB Todd Smith 0-0: Ball
1-0: Fly out, F8 (Flyball, 78XD)
Top of the 6th over - 0 run(s), 2 hit(s), 0 error(s), 2 left on base; West Palm 6 - Wichita 4
BOTTOM OF THE 6TH
Wichita Wranglers batting - Pitching for West Palm Reds : LHP Pat Candelária
Batting: RHB Gustavo Díaz 0-0: Called Strike
0-1: SINGLE (Groundball, 56D)
Batting: RHB George Clark 0-0: Swinging Strike
0-1: Ball
1-1: Called Strike
1-2: Ball
Wild Pitch!
Gustavo Díaz to second
2-2: Fly out, F7 (Flyball, 7S)
Batting: RHB Felipe Lópes 0-0: Called Strike
0-1: Called Strike
0-2: Strikes out swinging
Batting: RHB Andrés Lara 0-0: Ball
1-0: Ground out 1-3 (Groundball, 15S)
Bottom of the 6th over - 0 run(s), 1 hit(s), 0 error(s), 1 left on base; West Palm 6 - Wichita 4
TOP OF THE 7TH
West Palm Reds batting - Pitching for Wichita Wranglers : RHP Doug Adams
Batting: SHB Francis Shaffer 0-0: Ball
1-0: Foul Ball, location: 2F
1-1: Ground out U3 (Groundball, 3L)
Batting: LHB Enrique Cortéz 0-0: Called Strike
0-1: Foul Ball, location: 2F
0-2: Ball
1-2: Hit by Pitch
Batting: LHB Jeff Doss 0-0: Ball
1-0: Ball
Enrique Cortéz steals 2nd base
2-0: Intentional Walk
Pinch Hitting: LHB Raúl Cordero 0-0: Called Strike
0-1: Called Strike
0-2: Ball
1-2: Foul Ball, location: 2F
1-2: Strikes out looking
Batting: LHB Bill Smith 0-0: Foul Ball, location: 2F
0-1: Swinging Strike
0-2: Foul Ball, location: 2F
0-2: Strikes out swinging
Top of the 7th over - 0 run(s), 0 hit(s), 0 error(s), 2 left on base; West Palm 6 - Wichita 4
BOTTOM OF THE 7TH
Wichita Wranglers batting - Pitching for West Palm Reds : LHP Pat Candelária
Now at 2B: Jack Ray
Batting: RHB Dave Henderson 0-0: Ball
1-0: Called Strike
1-1: Fly out, F9 (Flyball, 9LM)
Batting: SHB Martín Medina 0-0: Swinging Strike
0-1: Foul Ball, location: 2F
0-2: Strikes out swinging
Batting: RHB António Gonzáles 0-0: Ball
1-0: Ball
2-0: Foul Ball, location: 2F
2-1: Ball
3-1: Called Strike
3-2: Strikes out swinging
Bottom of the 7th over - 0 run(s), 0 hit(s), 0 error(s), 0 left on base; West Palm 6 - Wichita 4
TOP OF THE 8TH
West Palm Reds batting - Pitching for Wichita Wranglers : RHP Doug Adams
Pitching: RHP Eric Hunt
Batting: RHB Alejandro Martínez 0-0: Ball
1-0: Called Strike
1-1: Ball
2-1: Ball
3-1: Foul Ball, location: 2F
3-2: Base on Balls
Batting: LHB Jeff McKinney 0-0: Bunt missed!
0-1: Ball
1-1: Sac Bunt - play at first, batter OUT! 1-4
Alejandro Martínez to second
Batting: RHB Juan Vareas 0-0: Called Strike
0-1: Ball
1-1: Ball
2-1: Foul Ball, location: 2F
2-2: Strikes out swinging
Batting: SHB Todd Smith 0-0: Intentional Walk
Pinch Hitting: RHB Juan López 0-0: Ball
1-0: Ground out 6-3 (Groundball, 56)
Top of the 8th over - 0 run(s), 0 hit(s), 0 error(s), 2 left on base; West Palm 6 - Wichita 4
BOTTOM OF THE 8TH
Wichita Wranglers batting - Pitching for West Palm Reds : LHP Pat Candelária
Now at 3B: Ánibal Martínez
Now in CF: Jermaine Carter
Batting: RHB Bob Hall 0-0: Ball
1-0: Ball
2-0: Ground out 6-3 (Groundball, 6)
Pitching: RHP Dave Woods
Batting: RHB Cho-yun Qiao 0-0: Called Strike
0-1: Ball
1-1: Swinging Strike
1-2: Strikes out swinging
Batting: RHB Gustavo Díaz 0-0: Ball
1-0: Ball
2-0: Called Strike
2-1: Ground out 5-3 (Groundball, 56)
Bottom of the 8th over - 0 run(s), 0 hit(s), 0 error(s), 0 left on base; West Palm 6 - Wichita 4
TOP OF THE 9TH
West Palm Reds batting - Pitching for Wichita Wranglers : RHP Eric Hunt
Batting: LHB Enrique Cortéz 0-0: Ball
1-0: Ground out 4-3 (Groundball, 4)
Batting: LHB Jeff Doss 0-0: Called Strike
0-1: Ball
1-1: Foul Ball, location: 2F
1-2: Ball
2-2: Ball
3-2: Foul Ball, location: 2F
3-2: Foul Ball, location: 2F
3-2: Fly out, F8 (Flyball, 8RXD)
Batting: RHB Jack Ray 0-0: SINGLE (Line Drive, 8RS)
Batting: LHB Bill Smith 0-0: Called Strike
0-1: Ball
1-1: Fielders Choice at 2nd, U4 (Groundball, 4M)
Top of the 9th over - 0 run(s), 1 hit(s), 0 error(s), 1 left on base; West Palm 6 - Wichita 4
BOTTOM OF THE 9TH
Wichita Wranglers batting - Pitching for West Palm Reds : RHP Dave Woods
Pitching: RHP Kei Hashimoto
Batting: RHB George Clark 0-0: Ball
1-0: Ball
2-0: Foul Ball, location: 2F
2-1: Foul Ball, location: 2F
2-2: Ball
3-2: Base on Balls
Pinch Hitting: RHB Felipe Rivas 0-0: Ball
1-0: Swinging Strike
1-1: DOUBLE (Flyball, 78XD)
George Clark to third
Pinch Hitting: LHB Mario Cornelo 0-0: Called Strike
0-1: Ball
1-1: Foul Ball, location: 2F
1-2: Ball
2-2: Foul Ball, location: 2F
2-2: Ball
3-2: Base on Balls
Pinch Hitting: RHB Don Thomas 0-0: Called Strike
0-1: Called Strike
0-2: Reached on error, E6 (Groundball, 6)
George Clark scores
Felipe Rivas to third
Mario Cornelo to second
Pinch Hitting: RHB Anthony Rucker 0-0: Ball
1-0: Ball
2-0: Foul Ball, location: 2F
2-1: SINGLE (Groundball, 6MD)
Felipe Rivas scores
Mario Cornelo to third
Don Thomas to second
Batting: RHB António Gonzáles 0-0: Grounds into fielders choice 5-2 (Groundball, 5)
Don Thomas to third
Anthony Rucker to second
Batting: RHB Bob Hall 0-0: Ball
1-0: Swinging Strike
1-1: DOUBLE (Flyball, 78D)
Don Thomas scores
This league is powered by Out of the Park Baseball, the baseball management simulation game for PC, Mac and Linux
Wednesday, December 2nd, 2015 - OOTP Baseball 16.8 Build 38